 Dungeon Crawl Stone Soup version 0.26-a0-639-g72c4674329 (webtiles) character file.

Game seed: 13183784304783339243

99 pk666 the Magician (level 4, -1/24 HPs)
             Began as a Deep Elf Hedge Wizard on Sept 24, 2020.
             Killed by divine providence
             ... invoked by an orc priest
              (12 damage)
             ... on level 3 of the Dungeon.
             The game lasted 00:03:18 (2482 turns).

pk666 the Magician (Deep Elf Hedge Wizard)          Turns: 2482, Time: 00:03:18

Health: -1/24      AC:  2    Str:  7    XL:     4   Next: 45%
Magic:  6/13       EV: 13    Int: 20    God:
Gold:   83         SH:  0    Dex: 14    Spells: 2/13 levels left

rFire    . . .     SeeInvis .   a - +0 dagger
rCold    . . .     Faith    .   (no shield)
rNeg     . . .     Spirit   .   b - +0 robe
rPois    .         Reflect  .   c - +0 hat
rElec    .         Harm     .   (no cloak)
rCorr    .         Rampage  .   (no gloves)
MR       .....                  (no boots)
Stlth    +++.......             (no amulet)
HPRegen  0.08/turn              i - ring of stealth
MPRegen  0.13/turn              (no ring)

@: no status effects
A: no striking features
a: no special abilities


You were on level 3 of the Dungeon.
You visited 1 branch of the dungeon, and saw 3 of its levels.

You collected 83 gold pieces.

Inventory:

Hand Weapons
 a - a +0 dagger (weapon)
Armour
 b - a +0 robe (worn)
 c - a +0 hat (worn)
Jewellery
 i - a ring of stealth (left hand)
Scrolls
 f - a scroll of blinking {unknown}
 g - 3 scrolls of identify {unknown}
 j - a scroll of immolation {unknown}
Potions
 d - a potion of lignification {unknown}
 e - a potion of stabbing {unknown}
 h - a potion of curing {unknown}
 k - a potion of degeneration {unknown}
 l - a potion of invisibility {unknown}


   Skills:
 - Level 3.0 Dodging
 - Level 2.4 Stealth
 + Level 5.2 Spellcasting
 + Level 2.6 Conjurations
 - Level 1.1 Summonings
 + Level 1.9 Translocations
 + Level 1.0 Fire Magic
 + Level 0.9 Air Magic
 + Level 0.8 Poison Magic


You had 2 spell levels left.
You knew the following spells:

 Your Spells              Type           Power        Failure   Level
a - Magic Dart            Conj           ###.         3%          1
b - Blink                 Tloc           N/A          8%          2
c - Conjure Flame         Conj/Fire      ##......     16%         3
d - Mephitic Cloud        Conj/Pois/Air  ##......     19%         3
e - Call Imp              Summ           #.......     11%         2

Your spell library contained the following spells:

 Spells                   Type           Power        Failure   Level
 Slow                     Hex            #.......     17%         2


Dungeon Overview and Level Annotations

Branches:
Dungeon (3/15)

Altars:
Cheibriados
Qazlal


Message History

The magic dart hits the orc priest but does no damage.
The orc priest begins to cast a cantrip, but forgets the words!
Casting: Magic Dart (safe; 3% risk of failure)
Confirm with . or Enter, or press ? or * to list all spells.
Aiming: Magic Dart (safe; 3% risk of failure)
Press: ? - help, Shift-Dir - straight line, f/p - orc priest
Aim: an orc priest, wielding a +0 hand axe and wearing a cursed +0 chain mail The magic dart hits the orc priest.
The orc priest is moderately wounded.
Casting: Magic Dart (safe; 3% risk of failure)
Confirm with . or Enter, or press ? or * to list all spells.
Aiming: Magic Dart (safe; 3% risk of failure)
Press: ? - help, Shift-Dir - straight line, f/p - orc priest
Aim: an orc priest, wielding a +0 hand axe and wearing a cursed +0 chain mail (moderately wounded)
The magic dart hits the orc priest but does no damage.
The orc priest is moderately wounded.
The orc priest invokes the aid of Beogh against you.
Beogh smites you!
Ouch! That really hurt!
You die...

### # ..#.#
##.#.# ....
###.#####
#.......#
#@..<...#
#.#.##..#
#o#..#..#
#)##.#..#
#)##.#..#
..####..)....#
.........#.####
....####.#.#
.... #..†..#


You could see an orc priest.

Vanquished Creatures
  Jessica (D:2)
  An adder (D:2)
  2 dart slugs (D:1)
  A worm (D:2)
  2 giant cockroaches
  9 goblins
  8 hobgoblins
  6 kobolds
  A quokka (D:2)
  2 bats
  4 frilled lizards
  2 rats
39 creatures vanquished.

Vanquished Creatures (collateral kills)
  Terence (D:3)
  2 orcs (D:3)
3 creatures vanquished.

Grand Total: 42 creatures vanquished

Notes
Turn   | Place    | Note
-------+----------+-------------------------------------------
     0 | D:1      | pk666 the Deep Elf Hedge Wizard began the quest for the
                  | Orb.
     0 | D:1      | Reached XP level 1. HP: 10/10 MP: 7/7
   262 | D:1      | Reached XP level 2. HP: 15/15 MP: 7/9
  1021 | D:1      | Learned a level 2 spell: Blink
  1170 | D:2      | Reached skill level 5 in Spellcasting
  1170 | D:2      | Reached XP level 3. HP: 19/19 MP: 4/11
  1229 | D:2      | Learned a level 3 spell: Conjure Flame
  1233 | D:2      | Learned a level 3 spell: Mephitic Cloud
  1236 | D:2      | Learned a level 2 spell: Call Imp
  1437 | D:2      | Found a stormy altar of Qazlal.
  1568 | D:2      | Found a snail-covered altar of Cheibriados.
  1797 | D:2      | Noticed Jessica
  1801 | D:2      | Killed Jessica
  1801 | D:2      | Reached XP level 4. HP: 24/24 MP: 8/13
  2406 | D:3      | Noticed Terence
  2429 | D:3      | Killed Terence
  2429 | D:3      | Reached skill level 1 in Fire Magic
  2482 | D:3      | Killed from afar by an orc priest

Illustrated notes

Levels and vault maps discovered:
D:1:      wander_arrival_estate, layout_basic
D:2:      layout_basic, nicolae_qazlal_general_emergency, cheibriados_altar_1,
          kennysheep_generic_room_6, uniq_jessica
D:3:      layout_loops_cross, uniq_terence

Skill      XL: |  1  2  3  4 |
---------------+-------------+-----
Dodging        | 3 |  3.0
Conjurations   | 2 |  2.6
Spellcasting   | 5 |  5.2
Fire Magic     | 1 |  1.0
Stealth        | |  2.4
Summonings     | |  1.1
Translocations | |  1.9
Air Magic      | |  0.9
Poison Magic   | |  0.8

Action                   |  1- 3 |  4- 6 || total
-------------------------+-------+-------++-------
Melee: Dagger            |       |     4 ||     4
 Cast: Magic Dart        |    86 |    30 ||   116
       Call Imp          |       |     3 ||     3
Armor: Robe              |     1 |     1 ||     2
Dodge: Dodged            |     4 |     6 ||    10

Table legend: (Time is in decaauts)
 A = Elapsed time spent in this place.
 B = Non-inter-level travel time spent in this place.
 C = Inter-level travel time spent in this place.
 D = Time resting spent in this place.
 E = Time spent auto-exploring this place.
 F = Levels seen in this place.
 G = Mean time per level.
                   A        B        C        D        E       F      G
               +--------+--------+--------+--------+--------+-----+--------+
         Total |   2481 |   2448 |     33 |    473 |   1727 |   3 |  827.0 |
       Dungeon |   2481 |   2448 |     33 |    473 |   1727 |   3 |  827.0 |
               +--------+--------+--------+--------+--------+-----+--------+

Top non-repeatable levels by time:
     D:2: 1231 daAuts
     D:1: 1151 daAuts
     D:3: 97 daAuts
